Map: Blackpink LE

Players

Zanster

  • Race: Zerg Zerg
  • Spawn Location: 1:00

TYTY (TY) - Winner!

  • Race: Terran Terran
  • League: Master
  • Spawn Location: 7:00

Event: Memes & Dreams Invitational

VOD

Have the link to the VOD?

Description

Time

  • Played on: April 13, 2018, 11:17 p.m.
  • Length: 14:58

All games in this series

Show
View Real Time Build Order
Export as new Build Order

Zanster Zerg 

Build Orders: Hatch First 

Get SALT Encoding   

  12  0:00  Drone  
  13  0:13  Overlord  
  13  0:18  Drone  
  14  0:32  Drone x2  
  14  0:34  Drone  
  17  0:52  Hatchery  
  17  0:55  Drone  
  17  0:58  Drone  
  18  1:10  Extractor  
  17  1:13  Spawning Pool  
  17  1:16  Drone  
  17  1:19  Drone  
  18  1:29  Drone  
  19  1:39  Drone  
  20  1:49  Overlord  
  20  2:00  Queen  
  22  2:04  Queen  
  22  2:05  Zergling x4  
  26  2:10  Metabolic Boost  
  26  2:13  Drone  
  27  2:16  Drone  
  28  2:23  Drone  
  29  2:33  Hatchery  
  29  2:35  Drone  
  29  2:37  Drone  
  29  2:43  Queen  
  32  2:48  Drone  
  32  2:49  Drone  
  34  2:53  Overlord  
  34  2:56  Drone  
  35  2:59  Drone  
  36  3:12  Drone x6  
  42  3:15  Zergling x2  
  42  3:16  Zergling x2  
  44  3:22  Overlord  
  44  3:29  Baneling Nest  
  44  3:33  Drone  
  44  3:34  Overlord  
  44  3:39  Queen  
  44  3:40  Queen  
  48  3:44  Drone x2  
  48  3:47  Drone  
  48  3:48  Drone  
  52  3:49  Drone  
  52  3:51  Drone  
  52  3:54  Drone  
  52  3:55  Drone  
  56  4:04  Drone  
  56  4:07  Zergling x2  
  56  4:08  Overlord  
  58  4:12  Overlord  
  58  4:15  Extractor  
  57  4:17  Lair  
  57  4:18  Extractor  
  57  4:19  Zergling x4  
  58  4:26  Drone x7  
  58  4:27  Drone  
  65  4:32  Drone x3  
  65  4:36  Zergling x2  
  68  4:40  Spore Crawler  
  68  4:44  Baneling x3  
  67  4:46  Baneling  
  67  4:50  Queen  
  67  4:52  Zergling x10  
  74  4:54  Overlord  
  71  5:06  Zergling x12  
  71  5:07  Zergling x6  
  66  5:17  Baneling x4  
  66  5:19  Zergling x2  
  66  5:20  Zergling x4  
  65  5:34  Drone  
  65  5:35  Drone x7  
  66  5:37  Drone  
  67  5:43  Overseer  
  67  5:44  Drone x2  
  67  5:47  Drone  
  67  5:49  Roach Warren  
  69  5:56  Drone  
  70  5:57  Drone  
  70  5:59  Drone, Extractor  
  70  6:08  Overlord  
  70  6:09  Overseer  
  67  6:11  Drone x3  
  67  6:12  Drone x2  
  67  6:14  Drone  
  67  6:17  Drone  
  73  6:21  Spore Crawler, Drone  
  73  6:22  Drone  
  73  6:24  Drone, Spore Crawler  
  73  6:25  Drone  
  75  6:27  Drone, Hatchery  
  75  6:30  Glial Reconstitution  
  75  6:36  Drone x5  
  78  6:42  Drone  
  78  6:43  Drone  
  78  6:48  Overlord  
  80  6:54  Roach x5  
  80  7:00  Extractor  
  87  7:01  Extractor  
  87  7:02  Roach  
  87  7:03  Overlord x2  
  87  7:04  Overlord  
  87  7:05  Drone  
  89  7:15  Drone  
  90  7:18  Infestation Pit  
  90  7:19  Hydralisk Den  
  90  7:21  Drone x2  
  90  7:22  Drone  
  91  7:23  Drone  
  91  7:27  Drone x2  
  91  7:29  Roach x4  
  102  7:31  Evolution Chamber  
  102  7:33  Overlord  
  102  7:35  Evolution Chamber  
  100  7:42  Drone x2  
  100  7:43  Roach  
  100  7:44  Roach x4  
  112  7:46  Overlord  
  112  7:54  Queen  
  112  7:55  Overlord  
  114  7:59  Drone x8  
  114  8:00  Drone  
  114  8:05  Drone x4  
  127  8:11  Hive  
  127  8:12  Zerg Missile Weapons Level 1  
  126  8:16  Drone, Zerg Ground Armor Level 1  
  126  8:17  Drone x2  
  129  8:20  Drone  
  129  8:22  Spore Crawler  
  129  8:26  Hydralisk x3  
  131  8:32  Hydralisk x3  
  135  8:42  Roach x7  
  135  8:43  Roach  
  138  8:51  Roach x3  
  134  8:57  Extractor x2  
  134  9:00  Roach x7  
  129  9:19  Hatchery  
  128  9:26  Viper x2  
  128  9:27  Viper  
  128  9:28  Extractor  
  136  9:32  Roach  
  136  9:33  Roach x3  
  144  9:39  Overlord x4  
  144  9:50  Zergling x2, Hatchery  
  144  9:54  Overlord  
  144  9:55  Muscular Augments  
  144  10:00  Hydralisk x4, Roach  
  144  10:02  Overlord  
  154  10:08  Hydralisk  
  154  10:09  Hydralisk  
  154  10:10  Hydralisk  
  154  10:11  Overlord  
  158  10:21  Queen  
  158  10:23  Hydralisk x4  
  168  10:29  Zergling x2  
  164  10:37  Zerg Missile Weapons Level 2  
  164  10:42  Drone  
  165  10:43  Drone x2  
  165  10:47  Hydralisk x4, Roach  
  176  10:58  Drone x2  
  176  10:59  Drone  
  177  11:13  Hydralisk x3  
  177  11:14  Hydralisk x5, Roach  
  177  11:17  Overlord  
  181  11:34  Hatchery  
  181  11:35  Hydralisk x2, Roach  
  160  12:05  Hydralisk x4, Roach  
  160  12:06  Roach x9  
  165  12:11  Roach  
  162  12:20  Roach  
  162  12:21  Roach  
  162  12:22  Zerg Ground Armor Level 2  
  162  12:27  Overlord  
  162  12:30  Roach x2  
  162  12:32  Overlord  
  160  12:42  Overlord x5  
  154  12:47  Hatchery  
  143  12:56  Roach  
  143  12:57  Roach x4  
  135  13:03  Hydralisk, Roach  
  135  13:04  Roach x4  
  145  13:07  Overlord  
  145  13:08  Overlord x2  
  143  13:19  Overlord  
  139  13:30  Overlord x2  
  118  13:48  Overlord x2  
  118  13:53  Viper x3  
  118  13:54  Viper  
  127  13:56  Hydralisk  
  127  14:00  Hatchery  
  122  14:03  Hydralisk x6  
  128  14:12  Roach  
  128  14:13  Roach x4  
  138  14:19  Roach x3  
  128  14:39  Overlord x2  
  128  14:40  Overlord  
Show
View Real Time Build Order
Export as new Build Order

TYTY Terran - Winner!

Build Orders: Liberator Opening, Mech 

Get SALT Encoding   

  12  0:00  SCV  
  13  0:12  SCV  
  14  0:21  Supply Depot  
  14  0:25  SCV  
  15  0:43  Barracks, SCV  
  15  0:46  Refinery  
  16  0:55  SCV  
  17  1:07  SCV  
  18  1:19  SCV  
  19  1:30  Marine  
  19  1:31  Orbital Command  
  20  1:40  Command Center  
  20  1:51  Factory  
  20  1:57  SCV  
  21  2:03  Supply Depot  
  21  2:06  Barracks Reactor  
  21  2:10  SCV  
  22  2:17  Refinery  
  22  2:22  SCV  
  23  2:34  SCV  
  24  2:43  Starport  
  24  2:45  Hellion x2  
  24  2:46  SCV  
  29  2:51  Orbital Command  
  29  2:58  SCV  
  30  3:06  Hellion x2  
  30  3:10  SCV  
  35  3:18  SCV  
  35  3:19  Starport Tech Lab  
  36  3:20  Liberator  
  36  3:23  Supply Depot, SCV  
  37  3:28  Hellion x2  
  37  3:31  SCV  
  45  3:41  SCV  
  45  3:45  SCV  
  47  3:52  Cyclone x2  
  47  3:53  SCV  
  54  3:58  Supply Depot  
  54  4:18  Supply Depot  
  54  4:20  SCV x2  
  54  4:22  Banshee  
  59  4:29  Cloaking Field  
  59  4:32  SCV x2  
  61  4:38  Supply Depot  
  61  4:40  Hellion x2  
  61  4:44  SCV  
  61  4:45  Supply Depot  
  66  4:47  SCV  
  67  5:03  SCV x2  
  67  5:04  Hellion  
  67  5:05  Hellion  
  67  5:06  Armory  
  67  5:07  Refinery x2  
  73  5:11  Banshee  
  73  5:14  Command Center  
  75  5:16  SCV  
  73  5:21  SCV  
  74  5:28  SCV  
  74  5:29  Armory  
  74  5:31  Hellion x2  
  67  5:37  SCV  
  62  5:44  SCV  
  64  5:50  SCV  
  64  5:52  Hellion  
  64  5:56  SCV  
  67  5:59  Factory  
  67  6:00  Factory, Viking  
  67  6:02  SCV  
  70  6:08  SCV  
  71  6:13  Hellion  
  71  6:14  Hellion, SCV  
  71  6:15  Terran Vehicle Weapons Level 1  
  71  6:17  Terran Vehicle And Ship Armor Level 1  
  76  6:20  SCV  
  77  6:26  SCV  
  77  6:30  Orbital Command  
  78  6:37  Hellion x2, SCV, Command Center  
  83  6:41  Starport Reactor  
  83  6:48  SCV, Orbital Command  
  83  6:49  SCV  
  85  6:57  Factory Tech Lab  
  85  7:00  SCV, Refinery  
  86  7:02  Supply Depot x2, SCV  
  86  7:03  Thor  
  86  7:04  Refinery  
  96  7:19  Thor  
  96  7:22  Medivac  
  101  7:23  Medivac, SCV x3  
  106  7:32  Factory  
  106  7:35  SCV x3  
  106  7:36  Factory  
  109  7:37  Hellion x2  
  113  7:47  Siege Tank  
  113  7:48  SCV  
  113  7:49  SCV x2  
  119  7:55  Supply Depot  
  119  7:57  Orbital Command  
  119  7:59  Refinery  
  119  8:00  SCV, Engineering Bay  
  119  8:01  Supply Depot, SCV x2  
  119  8:02  Siege Tank  
  119  8:04  Infernal Pre-Igniter  
  125  8:06  Starport Reactor  
  125  8:11  Refinery  
  125  8:12  SCV  
  126  8:13  Hellion x2, SCV x2  
  132  8:22  Siege Tank  
  132  8:23  Factory Tech Lab  
  132  8:24  SCV  
  132  8:25  SCV x2  
  138  8:31  Liberator  
  141  8:34  Siege Tank, SCV  
  141  8:36  SCV  
  139  8:42  Siege Tank  
  139  8:43  Hellion x4, SCV  
  139  8:44  SCV  
  147  8:54  Siege Tank  
  146  8:56  SCV x2  
  146  8:57  SCV x2  
  140  9:04  Hellion  
  140  9:06  Hellion x2  
  146  9:10  Supply Depot  
  146  9:11  Supply Depot  
  146  9:17  Supply Depot  
  146  9:20  Supply Depot x2  
  146  9:24  Viking  
  148  9:26  Terran Vehicle And Ship Armor Level 2, Terran Vehicle Weapons Level 2  
  148  9:30  Siege Tank x2  
  148  9:31  Viking  
  156  9:32  Hellion x2  
  156  9:33  Hellion  
  156  9:35  Siege Tank  
  165  9:40  Hellion  
  165  9:41  SCV x2, Sensor Tower  
  165  9:42  SCV  
  170  9:54  Hellion x2, Viking  
  170  9:57  Hellion  
  170  9:59  SCV  
  181  10:01  Hellion, Viking  
  182  10:08  Sensor Tower  
  182  10:12  SCV x4  
  186  10:14  Siege Tank x2  
  186  10:16  Hellion x2  
  196  10:26  Supply Depot  
  196  10:27  Supply Depot  
  196  10:46  Starport x2  
  196  10:48  Siege Tank, Command Center  
  196  10:49  Command Center  
  199  10:57  Hellion, Viking  
  200  11:13  Command Center  
  200  11:15  Command Center, Viking  
  200  11:24  Missile Turret  
  200  11:26  Starport Tech Lab  
  200  11:28  Starport Tech Lab  
  200  11:45  Liberator x3  
  200  11:46  Hellion, Siege Tank  
  182  11:55  SCV x2  
  179  12:01  Siege Tank x2  
  179  12:02  Hellion x2  
  179  12:03  Raven  
  179  12:04  SCV x2  
  194  12:11  SCV x2  
  196  12:18  Siege Tank  
  196  12:19  Orbital Command  
  196  12:22  Hellion  
  199  12:26  Fusion Core  
  199  12:41  Hellion x2  
  199  12:42  Liberator  
  199  12:43  Liberator  
  192  12:52  Refinery  
  192  12:55  Raven x2, Refinery  
  187  13:01  Siege Tank x3  
  187  13:02  Hellion  
  198  13:07  Factory x2, Planetary Fortress  
  196  13:33  Hellion x4, Siege Tank x3  
  193  13:35  Advanced Ballistics  
  193  13:38  Raven  
  183  13:47  Liberator x2  
  182  13:52  Factory Reactor, Factory Tech Lab  
  182  13:54  Hellion x3  
  182  13:55  Hellion  
  184  13:56  Command Center  
  184  13:57  Command Center x2  
  182  14:05  Siege Tank x2  
  182  14:06  Hellion  
  182  14:08  SCV x2  
  195  14:15  SCV x2  
  195  14:16  Hellion  
  192  14:35  Hellion  
Tags
 
Add a new tag
Caveats
  • Supply blocks, unpowered buildings, or Contaminate may cause inaccurate times.
  • Supply counts are checked every 10 seconds.